cohdb
Replays
Latest Replays
All Replays
Popular Replays
Top Player Replays
Match Explorer
How It Works
Community
CoH3 Stats
Reddit
Sign in to upload your games and track your stats! →
Sign in with Steam
Match 43821026
Unlisted
Match 43821026
Overview
Messages
Build Orders
End
Construct Barracks
Engineer Squad
Riflemen Squad
Selects Advanced Infantry Battlegroup
Riflemen Squad
Grenade Package
Riflemen Squad
Selects Convert to Ranger Squad
Riflemen Squad
Convert to Ranger Squad
Selects Frontline Medical Station
Frontline Medical Station
Convert to Ranger Squad
Infantry Support Center
Survival Training
Advanced Logistics
Demolitions Package
Munitions Surplus
B1t
SkyCurv
SpaceTed
P o o y a
TheGrandFromage
VndctL
Rastafarai
北风
0
0
Comments
sign in to comment!
No comments posted yet!